Map: Orbital Shipyard

Players

Pisico - Winner!

  • Race: Protoss Protoss

Miltreta

  • Race: Terran Terran
  • League: Bronze

VOD

Have the link to the VOD?

Description

Time

  • Played on: March 16, 2016, 9:38 p.m.
  • Length: 24:21
Show
View Real Time Build Order
Export as new Build Order

Pisico Protoss - Winner!

Build Orders:  

Get SALT Encoding   

  12  0:03  Probe (Chrono Boost)  
  13  0:18  Pylon  
  13  0:20  Probe (Chrono Boost)  
  14  0:30  Probe (Chrono Boost)  
  15  0:37  Gateway  
  15  0:41  Probe (Chrono Boost)  
  16  0:56  Gateway  
  16  0:58  Probe (Chrono Boost)  
  17  1:04  Pylon  
  17  1:09  Probe (Chrono Boost)  
  18  1:18  Assimilator  
  18  1:19  Probe (Chrono Boost)  
  19  1:30  Zealot  
  21  1:41  Cybernetics Core  
  21  1:42  Probe (Chrono Boost)  
  22  1:47  Zealot  
  22  1:52  Probe (Chrono Boost)  
  25  1:54  Forge  
  25  2:00  Assimilator  
  25  2:03  Zealot  
  25  2:07  Probe (Chrono Boost)  
  28  2:27  Probe (Chrono Boost)  
  28  2:29  Stalker  
  31  2:44  Pylon  
  31  3:02  Probe (Chrono Boost)  
  31  3:03  Pylon  
  32  3:06  Nexus  
  32  3:08  Adept  
  35  3:13  Probe (Chrono Boost)  
  35  3:23  Probe (Chrono Boost), Warp Gate  
  36  3:32  Pylon  
  38  3:34  Mothership Core (Chrono Boost)  
  38  3:37  Stalker  
  40  3:44  Adept  
  42  4:02  Twilight Council  
  42  4:16  Assimilator  
  42  4:19  Pylon  
  42  4:20  Probe  
  43  4:27  Pylon  
  43  4:30  Probe  
  43  4:36  Gateway  
  46  4:38  Sentry  
  46  4:41  Probe  
  46  4:43  Adept  
  49  4:48  Assimilator  
  49  4:51  Probe  
  49  4:56  Gateway  
  50  5:04  Resonating Glaives  
  50  5:12  Stalker  
  52  5:25  Probe  
  53  5:34  Protoss Ground Weapons Level 1 (Chrono Boost)  
  53  5:35  Probe  
  54  5:58  Nexus, Pylon  
  54  6:00  Robotics Facility  
  54  6:05  Stargate  
  54  6:09  Probe  
  55  6:19  Probe  
  55  6:20  Assimilator  
  56  6:30  Stalker, Probe  
  58  6:40  Probe  
  58  6:44  Blink (Chrono Boost)  
  59  6:51  Probe  
  59  6:54  Gateway  
  60  7:00  Stalker  
  62  7:08  Stalker x2  
  66  7:23  Oracle  
  69  7:30  Stalker  
  71  7:49  Protoss Ground Weapons Level 2  
  71  7:59  Oracle  
  71  8:01  Probe  
  77  8:12  Probe  
  76  8:22  Probe  
  76  8:23  Observer  
  76  8:26  Pylon  
  78  8:29  Stalker x5, Pylon  
  78  8:33  Probe  
  88  8:37  Assimilator  
  89  8:43  Probe x2  
  89  8:44  Observer  
  89  8:45  Probe  
  93  8:54  Probe  
  94  8:55  Probe x2  
  94  8:56  Stalker x2  
  94  8:57  Stalker  
  102  9:04  Probe  
  102  9:06  Probe  
  104  9:15  Probe  
  104  9:16  Nexus  
  104  9:17  Probe  
  105  9:18  Stalker  
  108  9:26  Probe  
  108  9:27  Probe  
  110  9:37  Probe  
  110  9:39  Pylon  
  110  9:41  Pylon  
  111  9:52  Stalker x4  
  117  9:53  Stalker  
  121  10:02  Charge (Chrono Boost)  
  121  10:03  Observer  
  121  10:05  Protoss Shields Level 1  
  121  10:06  Oracle  
  125  10:16  Assimilator  
  125  10:24  Pylon  
  125  10:28  Pylon  
  125  10:35  Stalker x3  
  129  10:36  Stalker x2  
  135  10:59  Gateway  
  135  11:00  Gateway  
  135  11:02  Gateway  
  135  11:05  Gateway  
  135  11:07  Probe  
  136  11:17  Probe  
  136  11:22  Oracle, Nexus  
  140  11:28  Probe  
  137  11:38  Probe  
  130  11:49  Probe  
  131  11:57  Stalker x3  
  131  11:58  Stalker x2  
  125  12:42  Nexus  
  67  13:48  Stalker  
  67  13:49  Stalker x6  
  67  13:50  Stalker x2  
  85  13:56  Void Ray  
  85  14:00  Probe  
  90  14:07  Assimilator  
  90  14:10  Probe  
  90  14:12  Assimilator  
  91  14:21  Probe  
  83  14:30  Adept  
  83  14:31  Probe, Adept x6  
  79  14:32  Adept  
  88  14:39  Void Ray  
  88  14:42  Probe  
  77  14:53  Mothership Core  
  79  15:11  Pylon  
  79  15:13  Pylon  
  78  15:16  Pylon  
  78  15:22  Void Ray  
  78  15:26  Protoss Ground Armor Level 1  
  82  15:28  Stalker x2  
  82  15:29  Stalker  
  82  15:30  Stalker x2  
  82  15:31  Stalker x2  
  96  16:05  Void Ray  
  96  16:06  Nexus  
  96  16:08  Pylon  
  95  16:20  Pylon  
  87  16:46  Stargate  
  87  16:47  Probe, Void Ray  
  87  16:49  Stargate  
  87  16:51  Probe  
  87  16:58  Probe  
  87  16:59  Assimilator  
  82  17:01  Probe  
  79  17:08  Probe  
  79  17:10  Adept x3  
  79  17:11  Adept x3  
  79  17:12  Probe  
  90  17:15  Pylon  
  90  17:19  Probe  
  90  17:22  Probe  
  82  17:27  Adept x2  
  82  17:29  Probe  
  79  17:30  Void Ray  
  79  17:33  Probe  
  68  17:52  Zealot x2  
  68  17:53  Zealot x2  
  68  17:54  Zealot x4  
  75  18:13  Void Ray  
  75  18:17  Pylon  
  79  18:30  Nexus, Probe  
  80  18:34  Pylon  
  80  18:38  Probe, Assimilator, Pylon  
  80  18:41  Probe  
  71  18:42  Probe  
  71  18:44  Probe  
  71  18:46  Probe  
  73  18:48  Probe  
  73  18:49  Probe  
  73  18:51  Probe  
  73  18:54  Mothership Core  
  73  18:55  Probe  
  78  18:56  Void Ray  
  78  18:57  Probe  
  78  18:59  Probe  
  78  19:00  Probe  
  78  19:02  Probe  
  86  19:05  Probe  
  86  19:08  Probe  
  86  19:09  Probe  
  89  19:11  Pylon  
  89  19:12  Probe  
  89  19:14  Pylon  
  89  19:16  Probe  
  91  19:17  Observer  
  91  19:18  Probe, Pylon  
  91  19:20  Probe, Pylon  
  91  19:23  Probe  
  95  19:26  Probe  
  95  19:29  Probe  
  94  19:32  Pylon  
  94  19:34  Pylon  
  94  19:36  Pylon  
  93  19:39  Void Ray, Observer  
  93  19:43  Pylon  
  98  19:50  Void Ray x2  
  102  20:00  Observer  
  96  20:17  Stalker x3  
  96  20:18  Stalker x2  
  106  20:22  Void Ray  
  106  20:26  Pylon  
  106  20:28  Pylon  
  110  20:33  Void Ray x2  
  108  20:59  Nexus  
  108  21:02  Assimilator  
  108  21:04  Void Ray, Assimilator  
  108  21:09  Pylon  
  112  21:16  Void Ray x2  
  112  21:18  Pylon  
  120  21:20  Pylon  
  120  21:23  Pylon  
  119  21:47  Void Ray  
  119  21:48  Pylon  
  119  21:52  Gateway  
  119  21:53  Gateway  
  119  21:54  Gateway  
  119  21:57  Gateway  
  119  21:58  Gateway  
  119  21:59  Void Ray  
  119  22:00  Gateway  
  119  22:01  Probe  
  120  22:14  Probe  
  121  22:30  Void Ray  
  121  22:33  Stalker x3  
  121  22:34  Stalker x3  
  137  22:41  Nexus  
  137  22:42  Void Ray  
  137  22:44  Void Ray  
  141  23:12  Stalker x2  
  143  23:13  Stalker x4, Void Ray  
  157  23:22  Assimilator  
  157  23:25  Void Ray  
  157  23:27  Void Ray  
  169  24:15  Stalker x3  
  169  24:16  Stalker x6  
  169  24:17  Stalker x3  
Show
View Real Time Build Order
Export as new Build Order

Miltreta Terran 

Build Orders: Bio Tank 

Get SALT Encoding   

  12  0:01  SCV  
  13  0:16  Supply Depot  
  13  0:18  SCV  
  14  0:30  SCV  
  15  0:38  Barracks  
  15  0:44  Refinery  
  15  0:49  SCV  
  16  1:10  SCV  
  17  1:24  SCV  
  18  1:35  Barracks Tech Lab  
  18  1:36  Orbital Command  
  18  1:47  Supply Depot  
  18  1:55  Refinery  
  18  2:08  Factory  
  18  2:17  SCV  
  19  2:28  Marine  
  20  2:30  SCV, Command Center  
  21  2:51  Factory  
  21  3:09  Supply Depot, Barracks Tech Lab  
  21  3:10  Supply Depot, SCV  
  22  3:15  Siege Tank  
  25  3:28  SCV  
  25  3:33  Refinery  
  26  3:36  Factory  
  28  3:42  Marine  
  28  3:44  Stimpack  
  28  3:47  Widow Mine  
  29  3:58  Orbital Command  
  29  4:00  SCV  
  30  4:09  Engineering Bay  
  30  4:11  Reaper  
  31  4:35  Factory Tech Lab  
  31  4:37  SCV  
  31  4:38  SCV  
  33  4:43  Reaper  
  34  4:48  Missile Turret  
  34  4:56  SCV  
  34  4:57  SCV  
  36  5:13  Missile Turret  
  36  5:18  Missile Turret  
  36  5:26  Siege Tank x2  
  36  5:28  Marine  
  42  5:30  Factory Tech Lab  
  43  5:43  SCV x2  
  43  5:49  Refinery  
  45  5:57  Starport  
  45  5:58  Marine  
  45  6:00  Siege Tank x2  
  52  6:11  Barracks  
  52  6:35  Siege Tank x2  
  58  6:51  Combat Shields  
  58  7:07  Armory, SCV x2  
  60  7:09  Armory  
  60  7:15  Starport Tech Lab  
  60  7:18  Barracks Reactor  
  60  7:26  Terran Infantry Weapons Level 1, Starport  
  60  8:06  Terran Vehicle Weapons Level 1  
  60  8:07  Terran Vehicle And Ship Armor Level 1, Starport Tech Lab  
  60  8:08  Cloaking Field  
  60  8:09  Marine x2  
  62  8:17  Marine  
  63  8:23  SCV x2  
  65  8:27  Supply Depot x2  
  65  8:28  Supply Depot  
  65  8:29  Supply Depot  
  65  8:31  Siege Tank x2  
  71  8:48  Factory  
  71  8:49  Factory  
  71  8:50  Marine  
  71  8:51  Marine  
  71  8:53  Marine  
  74  8:55  Banshee  
  74  8:56  Banshee  
  80  9:14  Marine  
  80  9:15  Marine  
  82  9:21  Terran Infantry Armor Level 1  
  82  9:33  Factory Tech Lab x2  
  82  9:35  Refinery, Command Center  
  82  9:46  Viking x2  
  88  9:55  Marine  
  88  9:56  Marine x2  
  88  9:57  Siege Tank x2  
  95  10:00  Siege Tank  
  98  10:08  Supply Depot  
  98  10:09  SCV x2  
  98  10:11  Supply Depot  
  100  10:19  Terran Vehicle Weapons Level 2  
  100  10:22  Terran Vehicle And Ship Armor Level 2  
  90  12:48  Marine  
  90  12:49  Marine  
  90  12:50  Siege Tank x4  
  104  12:54  Raven  
  104  12:55  Banshee  
  109  13:03  SCV  
  109  13:04  SCV  
  109  13:05  SCV  
  112  13:10  Refinery  
  111  13:15  SCV  
  58  14:01  Marine  
  58  14:02  Marine x2  
  61  14:03  Siege Tank x4  
  61  14:04  SCV x3  
  69  14:31  Marine x3  
  69  14:35  Siege Tank x2  
  69  15:17  Ghost Academy  
  69  15:20  Barracks  
  69  15:21  Barracks  
  63  15:51  Viking x2  
  63  15:53  Marine x3  
  63  15:54  Siege Tank  
  63  15:55  Siege Tank x3  
  73  16:27  Marine x3  
  67  17:25  Marine x2  
  67  17:26  Marine  
  67  17:27  Siege Tank x4  
  82  17:31  Barracks Reactor  
  82  17:32  Barracks Reactor  
  82  17:43  Marine  
  49  18:24  Marine x3  
  49  18:25  Marine x3  
  58  18:27  Siege Tank x4  
  59  18:58  Viking x2  
  63  19:06  Marine x4  
  63  19:07  Marine  
  53  19:29  Marine x2  
  53  19:30  Marine x3  
  49  19:57  Viking x2  
  49  19:58  Marine x3  
  39  20:50  Marine x5  
  39  20:51  Marine x2  
  39  20:52  Siege Tank x3  
  47  21:08  Marine  
  47  21:10  SCV  
  47  21:11  SCV x2  
  51  21:16  Barracks  
  51  21:17  Marine x2  
  49  21:44  Marine x6  
  45  22:13  Marine x4  
  45  22:14  Marine  
  43  22:23  Marine x2  
  43  22:25  Thor  
  48  22:37  Barracks Reactor  
  48  22:41  Barracks  
  48  22:45  Marine x2  
  48  22:46  Marine x3  
  34  23:09  Marine x4  
  34  23:10  Marine  
  33  23:14  Marine  
  34  23:25  Marine  
  35  23:28  Barracks Reactor  
  35  23:31  Marine x2  
  25  23:53  Marine  
  25  23:54  Marine x2  
  25  23:55  Marine  
Tags
 
Add a new tag
Caveats
  • Supply blocks, unpowered buildings, or Contaminate may cause inaccurate times.
  • Supply counts are checked every 10 seconds.